 Dungeon Sprint DCSS version 0.28.0-43-g3370ac3207 (webtiles) character file.

Game seed: 7322359358444506631

6927 boopmooplesden the Fencer (level 10, -12/156 HPs)
             Began as a Minotaur Berserker on Mar 20, 2022.
             Was a High Priest of Trog.
             Mangled by a spriggan defender
             ... wielding a +2 demon whip of flaming
              (20 damage)
             ... in the Dungeon (Sprint IV: "Fedhas' Mad Dash").
             The game lasted 00:05:49 (3885 turns).

boopmooplesden the Fencer (Minotaur Berserker)      Turns: 3885, Time: 00:05:49

Health: -12/156    AC:  6    Str: 23    XL:     10   Next: 80%
Magic:  9/9        EV: 15    Int:  4    God:    Trog [*****.]
Gold:   134        SH:  0    Dex: 13    Spells: 9/9 levels left

rFire   + . .      SeeInvis .   q - +2 great sword
rCold   . . .      Faith    .   (shield currently unavailable)
rNeg    . . .      Spirit   .   s - +2 leather armour of Shielding {rF+ Stlth+}
rPois   .          Reflect  .   (helmet restricted)
rElec   .          Harm     .   (no cloak)
rCorr   +          Rampage  .   (no gloves)
Will    .....      NoTele   +   (no boots)
Stlth   ..........              j - amulet of invisibility {+Inv}
HPRegen 0.36/turn               l - ring of resist corrosion
MPRegen 0.11/turn               (no ring)

@: berserking, very quick
A: horns 2, retaliatory headbutt
a: Renounce Religion, Evoke Invisibility, Berserk, Trog's Hand, Brothers in Arms


You were in the Dungeon.
You worshipped Trog.
Trog was extremely pleased with you.
You visited 1 branch You collected 264 gold pieces.
You spent 130 gold pieces at shops.

Inventory:

Hand Weapons
 a - a +0 falchion
 q - a +2 great sword (weapon)
 r - a +2 great sword
Missiles
 n - 5 poisoned darts (quivered)
Armour
 b - a +0 animal skin
 k - a +0 leather armour
 o - a +0 ring mail
 p - a +4 scale mail of poison resistance
 s - the +2 leather armour of Shielding (worn) {rF+ Stlth+}
   (You found it in the Dungeon)

   rF:        It protects you from fire.
   Stlth:     It makes you more stealthy.
Jewellery
 j - the amulet of invisibility (around neck) {+Inv}
   (You found it in the Dungeon)

   [amulet of nothing]

   +Inv:      It lets you turn invisible.
 l - a ring of resist corrosion (left hand)
Scrolls
 h - a scroll of blinking
Potions
 c - a potion of curing
 d - 2 potions of heal wounds
 e - a potion of haste
 f - 2 potions of magic
 g - a potion of berserk rage
 i - a potion of mutation {unknown}
 t - 2 potions of lignification
Miscellaneous
 m - a phial of floods


   Skills:
 + Level 14.5 Fighting
 + Level 17.4 Long Blades
 + Level 1.4 Throwing
 + Level 9.2 Armour
 + Level 8.3 Dodging
 + Level 10.7 Stealth
 + Level 9.4 Evocations


You had 9 spell levels left.
You didn't know any spells.
Your spell library was empty.

Dungeon Overview and Level Annotations

Branches:
Dungeon (1/1)

Altars:
Cheibriados
Dithmenos
Elyvilon
Gozag
Hepliaklqana
Kikubaaqudgha
Makhleb
Nemelex Xobeh
Okawaru
Qazlal
Ru
Sif Muna
Trog
Uskayaw
Vehumet
Wu Jian
Xom
Yredelemnul
Zin
The Shining One
Beogh
Jiyva
Lugonu

Shops:
D :=(*!*?!


Innate Abilities, Weirdness & Mutations

You have a pair of horns on your head.
You reflexively headbutt those who attack you in melee.


Message History

You no longer feel resistant to poison.
You start putting on your armour.
You continue putting on the +2 leather armour of Shielding {rF+ Stlth+}. x5
You finish putting on the +2 leather armour of Shielding {rF+ Stlth+}.
You start waiting.
Done waiting.
Found Jaidi's Assorted Antiques.
A spriggan defender comes into view.
It is wielding a +2 demon whip of flaming.
Found a glowing long sword.
Your cyclops goes berserk!
The spriggan defender shouts!
There is an entrance to Riheh's Weapon Emporium here.
Your cyclops completely misses the spriggan defender.
A red film seems to cover your vision as you go berserk!
You feel yourself moving faster!
You feel mighty!
The spriggan defender blocks your cyclops's attack.
You closely miss the spriggan defender.
Your headbutt misses the spriggan defender.
The spriggan defender hits you with a +2 demon whip of flaming!!
The spriggan defender burns you.
The spriggan defender hits you with a +2 demon whip of flaming!!
The spriggan defender burns you!
The spriggan defender blocks your cyclops's attack.
You completely miss the spriggan defender.
The spriggan defender hits you with a +2 demon whip of flaming!!
The spriggan defender burns you.
* * * LOW HITPOINT WARNING * * *
You miss the spriggan defender.
Your cyclops hits the spriggan defender.
The spriggan defender blocks your attack.
Your headbutt misses the spriggan defender.
The spriggan defender is lightly wounded.
The spriggan defender hits you with a +2 demon whip of flaming!!
* * * LOW HITPOINT WARNING * * *
The spriggan defender burns you.
* * * LOW HITPOINT WARNING * * *
You closely miss the spriggan defender.
The spriggan defender is lightly wounded.
The spriggan defender hits you with a +2 demon whip of flaming!!
You die...

#############....(.###.....♣.#
..♣[###.'..'......('))...♣..∩#
♣..♣##:.#..#.......###########
.♣).###.##)##.P....#
...♣'...#♣.♣########
#########.....####
#..♣..♣....###
#...♣......♣.C.♣###
......♣.....∩@i...)#
####################


You could see a spriggan defender (ally target) and a friendly cyclops
(summoned, berserk).

Vanquished Creatures
  Agnes (D)
  A spriggan berserker (D)
  A spriggan druid (D)
  6 oklob plants (D)
  A demonic crawler (D)
  3 burning bushes (D)
  A queen bee (D)
  3 wandering mushrooms (D)
  A hornet (D)
  3 scorpions (D)
  4 killer bees (D)
  5 oklob saplings (D)
  5 spriggans (D)
  A river rat (D)
  A rat (D)
37 creatures vanquished.

Vanquished Creatures (others)
  A ballistomycete spore (D)
  A fungus (D)
2 creatures vanquished.

Grand Total: 39 creatures vanquished

Notes
Turn   | Place    | Note
-------+----------+-------------------------------------------
     0 | D        | boopmooplesden the Minotaur Berserker began the quest for
                  | the Orb.
     0 | D        | Reached XP level 1. HP: 19/19 MP: 0/0
    11 | D        | Reached skill level 4 in Long Blades
    11 | D        | Reached XP level 2. HP: 28/28 MP: 1/1
   146 | D        | Noticed an oklob sapling
   148 | D        | Killed an oklob sapling
   148 | D        | Reached ** piety under Trog
   149 | D        | Reached skill level 5 in Fighting
   149 | D        | Reached skill level 6 in Long Blades
   149 | D        | Reached XP level 3. HP: 37/37 MP: 2/2
   150 | D        | Noticed a scorpion
   150 | D        | Found the amulet of invisibility {+Inv}
   153 | D        | Killed a scorpion
   154 | D        | Reached skill level 7 in Long Blades
   154 | D        | Reached XP level 4. HP: 47/47 MP: 3/3
   207 | D        | Reached skill level 8 in Long Blades
   572 | D        | Found an opulent altar of Gozag.
   572 | D        | Found a hazy altar of Hepliaklqana.
   572 | D        | Found a snail-covered altar of Cheibriados.
   573 | D        | Found a viscous altar of Jiyva.
   573 | D        | Found a burning altar of Makhleb.
   573 | D        | Found a sparkling altar of Nemelex Xobeh.
   573 | D        | Found a sacrificial altar of Ru.
   573 | D        | Found a shimmering blue altar of Sif Muna.
   573 | D        | Found a bloodstained altar of Trog.
   573 | D        | Found an ornate altar of the Wu Jian Council.
   573 | D        | Found a shimmering altar of Xom.
   573 | D        | Found a basalt altar of Yredelemnul.
   574 | D        | Found an iron altar of Okawaru.
   574 | D        | Found a shadowy altar of Dithmenos.
   574 | D        | Found a glowing silver altar of Zin.
   575 | D        | Found an ancient bone altar of Kikubaaqudgha.
   575 | D        | Found a hide-covered altar of Uskayaw.
   576 | D        | Found a stormy altar of Qazlal.
   576 | D        | Found a white marble altar of Elyvilon.
   576 | D        | Found a glowing golden altar of the Shining One.
   577 | D        | Found a corrupted altar of Lugonu.
   577 | D        | Found a radiant altar of Vehumet.
   584 | D        | Reached skill level 9 in Long Blades
   584 | D        | Reached XP level 5. HP: 49/56 MP: 1/4
   625 | D        | Reached *** piety under Trog
   626 | D        | Reached skill level 1 in Evocations
   756 | D        | Reached skill level 10 in Long Blades
   756 | D        | Reached skill level 5 in Armour
   756 | D        | Reached skill level 1 in Stealth
   758 | D        | Reached XP level 6. HP: 66/66 MP: 5/5
   766 | D        | Found Xecihinu's Jewellery Shop.
   766 | D        | Found Difos's Book Emporium.
   797 | D        | Noticed a burning bush
   797 | D        | Noticed a wandering mushroom
   797 | D        | Noticed a wandering mushroom
   805 | D        | Killed a wandering mushroom
   805 | D        | Reached **** piety under Trog
   806 | D        | Reached skill level 10 in Fighting
   806 | D        | Reached skill level 12 in Long Blades
   806 | D        | Reached skill level 5 in Dodging
   806 | D        | Reached XP level 7. HP: 73/73 MP: 6/6
   813 | D        | Killed a wandering mushroom
  1156 | D        | Killed a burning bush
  1157 | D        | Reached skill level 13 in Long Blades
  1161 | D        | Found Pafucsir's Distillery.
  1162 | D        | Found Sewko's General Store.
  1172 | D        | Bought a potion of haste for 130 gold pieces
  1449 | D        | Noticed a queen bee
  1458 | D        | Reached XP level 8. HP: 83/83 MP: 4/7
  1459 | D        | Reached ***** piety under Trog
  1468 | D        | Killed a queen bee
  1469 | D        | Reached skill level 14 in Long Blades
  1501 | D        | Noticed an oklob plant
  1650 | D        | Killed an oklob plant
  1651 | D        | Reached skill level 5 in Stealth
  1894 | D        | Noticed a burning bush
  1907 | D        | Killed a burning bush
  1908 | D        | Reached skill level 15 in Long Blades
  2108 | D        | Noticed a burning bush
  2108 | D        | Noticed an oklob plant
  2110 | D        | Noticed a wandering mushroom
  2113 | D        | Killed a burning bush
  2114 | D        | Reached skill level 5 in Evocations
  2114 | D        | Reached XP level 9. HP: 93/93 MP: 5/8
  2125 | D        | Killed an oklob plant
  2516 | D        | Noticed a spriggan druid
  2527 | D        | Killed a spriggan druid
  2527 | D        | Received a gift from Trog
  2528 | D        | Reached skill level 16 in Long Blades
  2565 | D        | Noticed an oklob plant conjurer
  2568 | D        | Killed an oklob plant conjurer
  2851 | D        | Noticed an oklob plant
  2851 | D        | Noticed an oklob plant summoner
  2855 | D        | Noticed an oklob plant shifter
  2863 | D        | Killed an oklob plant summoner
  2868 | D        | Killed an oklob plant shifter
  2868 | D        | Reached ****** piety under Trog
  2869 | D        | Reached XP level 10. HP: 92/102 MP: 7/9
  2870 | D        | Killed an oklob plant
  2870 | D        | Received a gift from Trog
  3317 | D        | Noticed a spriggan rider
  3331 | D        | Reached skill level 1 in Throwing
  3333 | D        | Found Jyatoh's Magic Scroll Emporium.
  3341 | D        | Found Jyfuc's Distillery.
  3350 | D        | Identified the +2 leather armour of Shielding {rF+ Stlth+}
  3381 | D        | Noticed Agnes
  3386 | D        | Noticed a spriggan berserker
  3390 | D        | Killed Agnes
  3391 | D        | Reached skill level 17 in Long Blades
  3391 | D        | Reached skill level 10 in Stealth
  3396 | D        | Killed a spriggan berserker
  3761 | D        | Found Riheh's Weapon Emporium.
  3873 | D        | Found Jaidi's Assorted Antiques.
  3874 | D        | Noticed a spriggan defender
  3885 | D        | Mangled by a spriggan defender

Illustrated notes

Levels and vault maps discovered:
D:        dungeon_sprint_fedhas [sprint_temple]

Skill      XL: |  1  2  3  4  5  6  7  8  9 10 |
---------------+-------------------------------+-----
Fighting       | 4 5 7 8 9 10 12 13 14 | 14.5
Long Blades    | 4 6 7 9 10 12 13 15 16 17 | 17.4
Armour         | 3 4 5 6 7 8 9 |  9.2
Dodging        | 3 4 5 6 7 8 |  8.3
Evocations     | 1 2 3 5 7 9 |  9.4
Stealth        | 1 3 6 9 10 | 10.7
Throwing       | 1 |  1.4

Action                   |  1- 3 |  4- 6 |  7- 9 | 10-12 || total
-------------------------+-------+-------+-------+-------++-------
Melee: Falchion          |     7 |    19 |    72 |       ||    98
       Headbutt          |       |     6 |    29 |     3 ||    38
       Punch             |       |       |     2 |       ||     2
       Great sword       |       |       |     9 |    27 ||    36
Throw: Dart              |       |       |     2 |       ||     2
Invok: Berserk           |     2 |     4 |     6 |     3 ||    15
       Brothers in Arms  |       |       |       |     2 ||     2
 Abil: Evoke Invisibilit |       |     2 |     8 |       ||    10
  Use: Scroll            |       |       |       |     1 ||     1
       Potion            |       |       |       |     1 ||     1
 Stab: Invisible         |       |     1 |    10 |     1 ||    12
       Sleeping          |       |       |     1 |     1 ||     2
       Distracted        |       |       |       |     1 ||     1
Armor: Leather armour    |       |     1 |     1 |       ||     2
       Scale mail        |       |       |     3 |     4 ||     7
Dodge: Dodged            |     4 |     5 |    13 |     5 ||    27
